Map: Alcyone LE

Players

Lambo - Winner!

  • Race: Zerg Zerg
  • League: Grandmaster
  • Spawn Location: 1:00

Moja

  • Race: Terran Terran
  • League: Grandmaster
  • Spawn Location: 7:00

VOD

Have the link to the VOD?

Description

Time

  • Played on: June 15, 2024, 12:45 p.m.
  • Length: 8:06
Show
View Real Time Build Order
Export as new Build Order

Lambo Zerg - Winner!

Build Orders: Hatch First 

Get SALT Encoding   

  12  0:00  Drone  
  13  0:12  Overlord  
  13  0:17  Drone  
  14  0:31  Drone x2  
  16  0:48  Hatchery  
  15  0:51  Drone  
  15  0:54  Drone  
  17  0:58  Drone  
  18  1:08  Extractor  
  17  1:12  Spawning Pool  
  17  1:16  Drone  
  17  1:20  Drone  
  18  1:28  Drone  
  19  1:39  Drone  
  20  1:50  Drone  
  21  2:00  Queen x2  
  21  2:01  Zergling x4  
  27  2:11  Overlord, Drone  
  28  2:19  Hatchery  
  27  2:23  Drone  
  28  2:32  Drone x3  
  31  2:39  Queen  
  31  2:43  Overlord  
  32  2:46  Drone  
  32  2:50  Metabolic Boost  
  33  2:56  Drone x2  
  35  3:02  Queen  
  37  3:06  Drone x2  
  37  3:11  Drone x2  
  41  3:13  Drone  
  41  3:16  Drone  
  43  3:20  Overlord  
  43  3:26  Overlord  
  43  3:31  Queen  
  43  3:32  Queen  
  47  3:34  Drone  
  47  3:37  Drone  
  49  3:42  Queen  
  49  3:43  Drone  
  49  3:45  Drone  
  53  3:49  Overlord  
  53  3:52  Drone x3  
  53  3:54  Zergling x2  
  57  3:57  Drone  
  58  4:03  Overlord  
  58  4:04  Drone x3  
  58  4:05  Drone  
  62  4:10  Drone  
  62  4:11  Queen  
  62  4:13  Overlord  
  62  4:15  Zergling x2  
  66  4:18  Zergling x4  
  66  4:20  Drone  
  66  4:22  Drone  
  70  4:26  Drone x2  
  73  4:31  Drone  
  73  4:32  Lair  
  73  4:35  Extractor, Drone x2  
  73  4:36  Roach Warren  
  73  4:41  Drone x3  
  73  4:43  Drone x3  
  73  4:45  Drone  
  80  4:49  Drone x2  
  82  4:55  Extractor, Drone  
  82  4:59  Drone  
  83  5:02  Drone x3  
  83  5:04  Spore Crawler x2  
  83  5:05  Hatchery, Extractor  
  82  5:07  Spore Crawler  
  82  5:10  Zergling x6  
  82  5:12  Drone  
  85  5:17  Evolution Chamber, Extractor x2, Drone  
  85  5:18  Evolution Chamber, Drone x2  
  85  5:19  Drone  
  85  5:21  Drone  
  86  5:23  Drone x3  
  86  5:27  Overlord  
  89  5:32  Overlord  
  89  5:35  Overlord  
  89  5:36  Overlord  
  89  5:41  Overlord  
  89  5:42  Overlord  
  89  5:44  Overseer, Overlord  
  89  5:45  Overlord  
  89  5:47  Zerg Missile Weapons Level 1  
  89  5:48  Glial Reconstitution  
  89  5:52  Zerg Ground Armor Level 1  
  89  5:54  Drone x3  
  89  5:55  Overseer  
  92  5:57  Overlord  
  92  6:01  Infestation Pit  
  91  6:06  Drone x6  
  91  6:08  Roach  
  91  6:11  Roach  
  101  6:13  Drone x3  
  101  6:15  Drone  
  105  6:19  Drone x2  
  105  6:22  Hydralisk Den  
  105  6:25  Extractor, Roach x3  
  111  6:27  Extractor  
  111  6:29  Roach x3  
  116  6:34  Drone x3  
  116  6:37  Infestor x2  
  123  6:42  Hive  
  123  6:44  Roach x2  
  127  6:50  Drone x4  
  127  6:51  Drone x2  
  133  6:57  Overlord  
  133  7:00  Infestor  
  135  7:01  Lurker Den  
  135  7:02  Roach x3  
  135  7:05  Ravager  
  141  7:08  Drone x2  
  141  7:11  Ravager  
  141  7:14  Hatchery  
  143  7:16  Roach x4  
  151  7:28  Hydralisk x3  
  151  7:29  Hydralisk  
  159  7:30  Roach x5  
  159  7:33  Roach x3  
  159  7:36  Ravager  
  176  7:41  Overlord  
  176  7:44  Overlord  
  176  7:47  Overseer  
Show
View Real Time Build Order
Export as new Build Order

Moja Terran 

Build Orders: Reaper Expand, Hellion Banshee 

Get SALT Encoding   

  12  0:00  SCV  
  13  0:12  SCV  
  14  0:16  Supply Depot  
  14  0:24  SCV  
  15  0:38  SCV  
  15  0:40  Barracks  
  15  0:42  Refinery  
  16  0:50  SCV  
  17  1:02  SCV  
  18  1:14  SCV  
  19  1:27  Reaper, Orbital Command  
  20  1:37  Command Center  
  20  1:44  Supply Depot  
  20  1:47  Supply Depot  
  20  1:52  SCV  
  21  1:58  Marine  
  22  2:04  SCV  
  23  2:10  Factory  
  23  2:16  SCV  
  23  2:21  Barracks Reactor  
  24  2:28  SCV  
  25  2:35  Command Center  
  25  2:41  SCV  
  26  2:50  Orbital Command  
  26  2:53  SCV  
  26  2:57  Starport  
  27  3:01  Refinery  
  27  3:05  SCV  
  28  3:14  Hellion x2  
  28  3:15  Barracks Tech Lab  
  28  3:16  SCV  
  28  3:19  SCV  
  34  3:29  SCV  
  34  3:31  SCV  
  36  3:35  Hellion x2  
  36  3:40  Banshee  
  43  3:41  SCV  
  43  3:43  SCV  
  43  3:47  Orbital Command  
  45  3:54  SCV  
  46  3:55  SCV  
  46  3:58  Hellion x2  
  51  4:04  Supply Depot  
  51  4:06  SCV  
  51  4:08  SCV  
  51  4:09  Barracks Tech Lab  
  53  4:12  SCV  
  54  4:18  SCV  
  54  4:20  SCV  
  54  4:22  Hellion x2  
  60  4:25  SCV  
  60  4:26  Viking  
  60  4:29  Stimpack  
  60  4:30  SCV  
  64  4:32  SCV  
  64  4:37  SCV  
  66  4:38  Supply Depot  
  66  4:42  SCV  
  67  4:48  SCV  
  67  4:50  SCV  
  67  4:51  Factory Reactor  
  67  4:52  Barracks  
  69  4:53  Refinery  
  69  4:54  Refinery  
  69  4:55  Barracks  
  69  5:00  SCV x2  
  69  5:03  Engineering Bay  
  69  5:04  Engineering Bay  
  72  5:07  SCV  
  72  5:12  Starport Reactor  
  72  5:14  Barracks  
  72  5:16  Barracks  
  72  5:20  SCV  
  73  5:24  SCV  
  73  5:25  Marine  
  73  5:26  SCV  
  76  5:29  Supply Depot  
  76  5:30  Terran Infantry Weapons Level 1, Supply Depot  
  76  5:31  Terran Infantry Armor Level 1  
  76  5:32  SCV  
  76  5:36  SCV  
  76  5:38  Orbital Command  
  77  5:50  Marine x3  
  77  5:51  Siege Tank, Marine x2, SCV x2  
  87  5:59  Medivac x2  
  87  6:03  Barracks Reactor, SCV  
  87  6:04  Barracks Reactor  
  92  6:05  Supply Depot x2  
  92  6:06  Supply Depot  
  92  6:10  SCV  
  93  6:14  Barracks  
  93  6:15  Barracks  
  93  6:16  Barracks  
  93  6:18  Combat Shield  
  93  6:21  Marine x4, SCV x2  
  93  6:22  Marine, SCV  
  101  6:29  Supply Depot  
  101  6:34  Armory  
  101  6:36  Siege Tank  
  101  6:39  Marine x5  
  108  6:43  Marine x3  
  112  6:48  Marine  
  112  6:53  SCV  
  114  6:57  Supply Depot x2, Marine x5  
  114  6:58  Medivac  
  114  7:01  Marine x2  
  121  7:03  Marine x4  
  121  7:06  Marine  
  128  7:11  Supply Depot  
  128  7:14  Marine  
  128  7:15  Marine x3  
  132  7:19  Siege Tank  
  132  7:20  Supply Depot  
  135  7:23  Marine x3  
  140  7:36  Refinery  
  140  7:37  SCV x2  
  140  7:38  Barracks Tech Lab  
  140  7:39  Barracks Tech Lab x2  
  140  7:43  Marine x3  
  145  7:44  Marauder  
  145  7:45  Marine x3  
  145  7:48  Supply Depot, SCV  
  145  7:49  SCV  
Tags
 
Add a new tag
Caveats
  • Supply blocks, unpowered buildings, or Contaminate may cause inaccurate times.
  • Supply counts are checked every 10 seconds.